AoeStats
← Chalini

Fortress

510224605Analyzed
4v4 RM · 2d ago on Sep 30, 2026· 54m 20s· 8 players
Game mode
Random Map
Map size
Huge
Population
200
Speed
Normal
Resources
Standard
Victory
Conquest
Starting age
Dark Age
Ending age
Imperial Age
RankedLock teamsTeams togetherTeam positionsShared explorationLock speedFull tech treeHidden civsTurbo modeCheats
Victory
Defeat
🇨🇱 Khmer · Chile
1183
+13
🇨🇱 Bengalis · Chile
1149
+20
🇺🇸 Georgians · United States
1148
+15
🇧🇷 Varangians · Brazil
1137
+15
🇳🇿 Malians · New Zealand
1180
-18
🇺🇸 Byzantines · United States
1136
-15
🇱🇧 Danes · Lebanon
1096
-13
🇺🇸 Spanish · United States
1065
-12
Stock_br
1:10 Loom
8:11 Feudal Age
9:26 Double-Bit Axe
12:06 Castle Age
9:59 Horse Collar
13:34 Scale Barding Armor
14:09 Forging
18:09 Bloodlines
22:16 Wheelbarrow
22:40 Gold Mining
23:02 Husbandry
25:27 Light Cavalry
30:46 Imperial Age
29:17 Chain Barding Armor
30:33 Iron Casting
30:10 Heavy Plow
30:22 Bow Saw
32:17 Plate Barding Armor
32:17 Conscription
33:03 Two-Man Saw
32:00 Elite Jarl
36:55 Blast Furnace
35:46 Capped Ram
37:00 Scale Mail Armor
38:41 Chemistry
37:23 Siege Ram
38:44 Pikeman
39:25 Squires
39:11 Arson
40:46 Elite Varangian Guard
41:03 Gothikon
42:28 Hand Cart
42:57 Caravan
45:19 Gambesons
45:28 Hussar
46:45 Crop Rotation
50:47 Town Watch
54:25 Coinage
54:06 Guilds
54:18 Ballistics
53:49 Guard Tower
54:04 Siphons
54:20 Shipwright
53:24 Vendel Legacy
53:56 Heated Shot
53:29 Cavalier
Ponz
7:36 Feudal Age
12:00 Castle Age
10:25 Double-Bit Axe
11:14 Horse Collar
16:50 Fletching
18:30 Heavy Plow
18:40 Bow Saw
18:19 Loom
19:52 Bodkin Arrow
22:51 Ballistics
24:57 Wheelbarrow
24:08 Town Watch
27:06 Imperial Age
25:06 Padded Archer Armor
26:10 Hand Cart
27:55 Bracer
28:34 Conscription
29:12 Paiks
30:17 Two-Man Saw
30:48 Chemistry
30:04 Leather Archer Armor
29:33 Elite Ratha (Ranged)
31:53 Mahayana
32:43 Ring Archer Armor
32:23 Forging
32:42 Caravan
33:33 Crop Rotation
35:20 Iron Casting
34:55 Siege Elephant
35:42 Scale Barding Armor
41:56 Blast Furnace
41:08 Bloodlines
40:59 Husbandry
44:42 Chain Barding Armor
44:15 Gold Mining
44:15 Stone Mining
47:59 Fortified Wall
48:00 Masonry
47:56 Siege Engineers
51:14 Spies/Treason
53:24 Plate Barding Armor
52:49 Scale Mail Armor
52:11 Crossbowman
52:12 Elite Elephant Archer
52:12 Elite Skirmisher
52:15 Pikeman
52:15 Man-at-Arms
52:40 Gambesons
52:56 Squires
52:41 Arson
52:48 Heated Shot
53:28 Architecture
52:54 Murder Holes
Chalini
6:47 Feudal Age
11:08 Castle Age
12:38 Double-Bit Axe
12:38 Horse Collar
15:25 Loom
19:09 Bow Saw
23:39 Heavy Plow
27:25 Imperial Age
25:44 Wheelbarrow
26:56 Ballistics
29:40 Husbandry
29:53 Bloodlines
29:50 Double Crossbow
31:06 Elite Ballista Elephant
32:10 Light Cavalry
36:49 Hussar
49:07 Forging
49:03 Scale Barding Armor
49:38 Tusk Swords
monongahela
7:49 Feudal Age
13:01 Castle Age
10:50 Double-Bit Axe
10:52 Horse Collar
13:09 Loom
14:30 Bow Saw
14:23 Heavy Plow
15:33 Wheelbarrow
17:14 Stone Mining
20:28 Hand Cart
24:10 Gold Mining
27:40 Imperial Age
25:29 Masonry
25:01 Treadmill Crane
26:25 Treadmill Crane
26:58 Scale Barding Armor
27:03 Forging
28:15 Chain Barding Armor
29:10 Conscription
30:09 Plate Barding Armor
30:09 Iron Casting
31:05 Caravan
31:19 Aznauri Cavalry
32:41 Blast Furnace
33:02 Svan Towers
34:58 Fletching
35:30 Ballistics
36:04 Scale Mail Armor
36:00 Bodkin Arrow
35:45 Elite Monaspa
36:27 Gambesons
36:02 Man-at-Arms
36:59 Bloodlines
36:09 Light Cavalry
38:14 Chemistry
36:43 Long Swordsman
37:52 Siege Engineers
37:32 Two-Handed Swordsman
39:03 Champion
40:53 Husbandry
41:11 Chain Mail Armor
41:07 Squires
42:38 Arson
44:51 Guard Tower
44:46 Arrowslits
44:27 Hussar
48:57 Plate Mail Armor
50:34 Crop Rotation
50:42 Stone Shaft Mining
50:55 Bracer
50:55 Padded Archer Armor
51:17 Spies/Treason
53:09 Elite Monaspa
KOMR4D ☭
2:12 Loom
8:02 Feudal Age
9:13 Double-Bit Axe
11:59 Castle Age
11:44 Horse Collar
14:58 Heavy Plow
16:34 Wheelbarrow
19:00 Hand Cart
18:53 Town Watch
19:26 Squires
20:24 Gold Mining
21:20 Bow Saw
23:18 Forging
23:08 Scale Mail Armor
24:01 Arson
24:26 Stone Mining
24:45 Hamask
28:35 Imperial Age
26:51 Scale Mail Armor
27:28 Iron Casting
27:11 Masonry
28:41 Chain Mail Armor
28:49 Onager
30:42 Chemistry
31:30 Elite Jomsviking
31:33 Northmen's Fury
32:33 Conscription
31:39 Elite Jomsviking
32:16 Siege Onager
35:06 Pikeman
35:08 Elite Varangian Guard
38:36 Siege Engineers
38:33 Halberdier
43:13 Plate Mail Armor
43:43 Blast Furnace
44:39 Fletching
Shoveler
6:57 Feudal Age
11:47 Castle Age
9:47 Double-Bit Axe
12:59 Loom
16:01 Bow Saw
22:24 Wheelbarrow
24:52 Sanctity
26:22 Bloodlines
26:12 Husbandry
29:10 Hand Cart
29:42 Town Watch
31:27 Gold Mining
34:41 Imperial Age
35:55 Conscription
36:20 Scale Barding Armor
36:28 Forging
35:59 Cavalier
36:02 Light Cavalry
38:35 Two-Man Saw
38:07 Chain Barding Armor
41:10 Plate Barding Armor
39:59 Hussar
42:55 Iron Casting
russoft
7:34 Loom
9:20 Feudal Age
10:58 Loom
11:32 Double-Bit Axe
13:51 Castle Age
12:15 Horse Collar
14:04 Scale Barding Armor
14:09 Forging
17:05 Wheelbarrow
19:48 Chain Barding Armor
21:34 Husbandry
22:51 Iron Casting
Garys left foot
6:49 Feudal Age
11:17 Castle Age
10:41 Double-Bit Axe
10:54 Horse Collar
16:46 Arson
17:21 Loom
18:05 Scale Mail Armor
19:14 Forging
20:23 Town Watch
21:32 Wheelbarrow
27:11 Imperial Age
27:52 Hand Cart
28:37 Conscription
28:10 Elite Gbeto
28:55 Farimba
29:02 Scale Barding Armor
29:33 Iron Casting
29:06 Scale Barding Armor
28:52 Fletching
29:34 Town Patrol
29:55 Heavy Camel Rider
30:37 Husbandry
30:57 Squires
32:11 Bloodlines
32:02 Gold Mining
36:16 Heavy Plow
36:52 Gold Shaft Mining
36:07 Stone Mining
41:19 Elite Gbeto
44:59 Hoardings
46:07 Hoardings
46:15 Hoardings
Connection lost

Rejoining the realm…

Still unreachable

The connection could not be restored.

Session expired

The server has moved on; the page needs a fresh start.